 Dungeon Crawl Stone Soup version 0.31-a0-202-g547052bce9 (webtiles) character file.

Game seed: 17215217646346882258

391 qw the Skirmisher (level 6, -7/35 HPs)
             Began as a Deep Elf Hunter on June 26, 2023.
             Mangled by Prince Ribbit (8 damage)
             ... on level 5 of the Dungeon.
             The game lasted 00:01:01 (3047 turns).

qw the Skirmisher (Deep Elf Hunter)                 Turns: 3047, Time: 00:01:02

Health: -7/35      AC:  9    Str: 10    XL:     6   Next: 50%
Magic:  8/8        EV:  9    Int: 14    God:
Gold:   229        SH:  0    Dex: 18    Spells: 5/5 levels left

rFire   + . .        a - +2 triple crossbow (flame)
rCold   . . .        (shield currently unavailable)
rNeg    . . .        n - +1 scale mail {rF+}
rPois   .            (no helmet)
rElec   .            d - +0 cloak
rCorr   .            j - +0 pair of gloves
SInv    .            (no boots)
Will    .....        (no amulet)
Stlth   +            (no ring)
HPRegen 0.25/turn    (no ring)
MPRegen 0.11/turn

%: no passive effects
@: lethally poisoned (-7 -> -11)
A: no striking features
a: no special abilities


You were on level 5 of the Dungeon.
You visited 1 branch of the dungeon, and saw 5 of its levels.

You collected 229 gold pieces.


   Skills:
 - Level 2.0 Fighting
 + Level 9.9 Ranged Weapons
 - Level 1.0 Armour
 - Level 2.4 Dodging
 - Level 1.2 Stealth


You had 5 spell levels left.
You didn't know any spells.
Your spell library was empty.

Inventory:

Hand Weapons
 a - a +2 triple crossbow of flaming (weapon)
Armour
 d - a +0 cloak (worn)
 j - a +0 pair of gloves (worn)
 n - a +1 scale mail of fire resistance (worn)
Scrolls
 b - a scroll of teleportation
 g - a scroll of identify
Potions
 c - a potion of degeneration {unknown}
 f - a potion of haste {unknown}
 i - a potion of invisibility {unknown}
 k - a potion of attraction {unknown}
 l - a potion of brilliance {unknown}
 m - a potion of mutation {unknown}
 o - a potion of curing {unknown}

Dungeon Overview and Level Annotations

Branches:
Dungeon (5/15)
 Temple: D:4-7

Altars:

Annotations:
D:5 Prince Ribbit


Message History

You shoot a bolt. The bolt hits the kobold!
The bolt burns the kobold.
You kill the kobold!
A kobold brigand comes into view.
It is wielding a +0 dagger and quivering poisoned darts.
You shoot a bolt. The kobold brigand shouts!
The bolt hits the kobold brigand!!
The bolt burns the kobold brigand.
You kill the kobold brigand!
A gnoll comes into view. It is wielding a +0 spear.
You shoot a bolt. The bolt hits the gnoll!
The bolt burns the gnoll.
You kill the gnoll!
A kobold comes into view. It is wielding a +0 short sword.
The kobold moves out of view.
A kobold and a gnoll come into view.
Found a ring mail.
Found a stone staircase leading up.
The kobold shouts!
The gnoll shouts!
You shoot a bolt. The bolt hits the gnoll!
The bolt burns the gnoll.
The gnoll is severely wounded.
A gnoll comes into view. It is wielding a +0 spear.
The gnoll moves out of view.
You shoot a bolt. The bolt closely misses the gnoll.
Prince Ribbit comes into view.
A kobold comes into view.
It is wielding a +0 dagger and quivering poisoned darts.
You shoot a bolt. The bolt hits the gnoll!!
The bolt burns the gnoll.
You kill the gnoll!
A kobold comes into view. It is wielding a +0 short sword.
The kobold closely misses you.
The kobold moves out of view.
You shoot a bolt. The bolt hits the kobold.
The bolt burns the kobold.
You kill the kobold!
The kobold throws a poisoned dart.
The poisoned dart barely misses you.
Prince Ribbit blinks!
You shoot a bolt. The bolt closely misses the gnoll.
The kobold throws a poisoned dart.
The poisoned dart hits you!
You are poisoned.
The gnoll hits you from afar with a +0 spear.
You shoot a bolt. The bolt closely misses Prince Ribbit.
You feel very sick. Prince Ribbit hits you! The gnoll barely misses you.
Prince Ribbit hits you!
The gnoll hits you from afar with a +0 spear.
The kobold hits you but does no damage. Prince Ribbit hits you!
You die...

...... .....
....## #<...
#...# #
...##.##[
###........
#.<@))?....
........FKg....#
..##............
...<...........
..!..#........).
##..##........).
.... ...........
#.. ..........#.


You could see Prince Ribbit, a gnoll and a kobold.

Vanquished Creatures
  A kobold brigand (D:5)
  A scorpion (D:3)
  An orc priest (D:4)
  2 iguanas (D:4)
  An orc wizard (D:4)
  2 gnolls (D:5)
  4 adders
  An ufetubus (D:4)
  A worm (D:4)
  A dart slug (D:3)
  5 orcs (D:4)
  4 bats
  5 endoplasms
  5 giant cockroaches
  10 goblins
  4 hobgoblins
  10 jackals
  4 quokkas
  8 ball pythons
  3 frilled lizards (D:1)
  7 kobolds
  4 rats
84 creatures vanquished.

Notes
Turn   | Place    | Note
-------+----------+-------------------------------------------
     0 | D:1      | qw the Deep Elf Hunter began the quest for the Orb.
     0 | D:1      | Reached XP level 1. HP: 12/12 MP: 3/3
     0 | D:1      | 0 ||| qw: Version: 0.3-a-22-g0ed2b0b
     0 | D:1      | 0 ||| qw: Game counter: 6060
     0 | D:1      | 0 ||| qw: Melee chars always use a shield: true
     0 | D:1      | 0 ||| qw: God list: Okawaru
     0 | D:1      | 0 ||| qw: Allow faded altars: false
     0 | D:1      | 0 ||| qw: Do Orc after clearing Dungeon:15 true
     0 | D:1      | 0 ||| qw: Do second Lair branch before Depths: true
     0 | D:1      | 0 ||| qw: Lair rune preference: random
     0 | D:1      | 0 ||| qw: Goals: Normal
     0 | D:1      | 0 ||| PLANNING D:1-11
   108 | D:1      | Reached XP level 2. HP: 15/16 MP: 4/4
   121 | D:1      | Reached skill level 6 in Ranged Weapons
   888 | D:1      | 888 ||| READING scroll labelled FUUNLA ASAZEGU.
   889 | D:1      | 889 ||| READING scroll labelled QOUTSAO XOAGU.
   890 | D:1      | 890 ||| READING scroll labelled QAUBBAMNUE.
   891 | D:1      | 891 ||| READING scroll labelled XEMIOVUPTO.
   892 | D:1      | 892 ||| READING scroll labelled DEATUS YTHRIDY.
   893 | D:1      | 893 ||| READING scroll labelled DESOPH PESMAQ.
   922 | D:1      | 922 ||| DRINKING 2 smoky green potions.
   923 | D:1      | 923 ||| DROPPING scroll of butterflies.
   961 | D:2      | Reached XP level 3. HP: 20/20 MP: 5/5
   965 | D:2      | 965 ||| STAIRDANCE
  1208 | D:2      | Reached skill level 7 in Ranged Weapons
  1264 | D:2      | HP: 5/20 [poisoned by an adder]
  1265 | D:2      | 1265 ||| DRINKING potion of heal wounds.
  1276 | D:2      | HP: 3/20 [kobold/+0 whip (3)]
  1716 | D:2      | 1716 ||| UPGRADING to +0 scale mail.
  1726 | D:2      | 1726 ||| DROPPING +0 leather armour.
  1727 | D:2      | 1727 ||| UPGRADING to +0 cloak.
  1732 | D:2      | 1732 ||| READING scroll labelled GICWUEPS NUHIS.
  1737 | D:2      | 1737 ||| READING scroll labelled ISOUPRIHYE.
  1738 | D:2      | 1738 ||| READING scroll labelled UDIQONUXUM.
  1912 | D:3      | Reached XP level 4. HP: 25/25 MP: 6/6
  1941 | D:3      | Noticed a scorpion
  1947 | D:3      | Killed a scorpion
  1948 | D:3      | Reached skill level 8 in Ranged Weapons
  2177 | D:3      | Found a faded altar of an unknown god.
  2261 | D:3      | Reached XP level 5. HP: 29/29 MP: 7/7
  2505 | D:3      | 2505 ||| UPGRADING to +0 ring mail.
  2515 | D:3      | 2515 ||| DROPPING +0 scale mail.
  2516 | D:3      | 2516 ||| UPGRADING to +0 pair of gloves.
  2521 | D:3      | 2521 ||| READING scroll labelled LUTTAFFOAF.
  2522 | D:3      | 2522 ||| READING scroll labelled ETOCUT RIT.
  2522 | D:3      | Identified a scroll of acquirement
  2522 | D:3      | 2522 ||| ACQUIRING +2 triple crossbow of flaming
  2522 | D:3      | Acquired a +2 triple crossbow of flaming
  2524 | D:3      | 2524 ||| SWAPPING to +2 triple crossbow of flaming.
  2525 | D:3      | 2525 ||| DROPPING +1 shortbow of draining.
  2588 | D:4      | Reached skill level 9 in Ranged Weapons
  2745 | D:4      | Reached skill level 1 in Armour
  2745 | D:4      | Reached XP level 6. HP: 29/35 MP: 8/8
  2877 | D:4      | 2877 ||| UPGRADING to +1 scale mail of fire resistance.
  2887 | D:4      | 2887 ||| DROPPING +0 ring mail.
  2888 | D:4      | 2888 ||| DRINKING 2 fizzy orange potions.
  2938 | D:4      | 2938 ||| DROPPING potion of lignification.
  2951 | D:5      | Entered Level 5 of the Dungeon
  2952 | D:5      | 2952 ||| PLANNING SEWER
  2954 | D:5      | 2954 ||| STAIRDANCE
  3043 | D:5      | Noticed Prince Ribbit
  3047 | D:5      | HP: 5/35 [Prince Ribbit (15)]
  3047 | D:5      | HP: 1/35 [gnoll/+0 spear (4)]
  3047 | D:5      | Mangled by Prince Ribbit

Levels and vault maps discovered:
D:1:      tarquinn_simple_flora_water_d, layout_basic, nrook_uturn
D:2:      layout_loops_ring
D:3:      layout_basic, dilly_ecumenical_altar_fadedgnrine,
          minmay_misc_feat_more_columns, kennysheep_generic_room_14
D:4:      layout_rooms, hangedman_decor_peaks_small
D:5:      layout_cave_pools, kiku_gazebo_pond_becter, portal_sewer_entry_d,
          uniq_prince_ribbit1, uniq_sigmund, uniq_ijyb

Skill      XL: |  1  2  3  4  5 |
---------------+----------------+-----
Ranged Weapons | 6 7 8 9 |  9.9
Fighting       | 2 |  2.0
Armour         | 1 |  1.0
Dodging        | |  2.4
Stealth        | |  1.2

Action                     |  1- 3 |  4- 6 || total
---------------------------+-------+-------++-------
   Fire: Shortbow          |   113 |    31 ||   144
         Triple crossbow   |       |    57 ||    57
    Use: Scroll            |     9 |     2 ||    11
         Potion            |     2 |     1 ||     3
 Armour: Leather armour    |    12 |       ||    12
         Scale mail        |     2 |    18 ||    20
         Ring mail         |       |     5 ||     5
  Dodge: Dodged            |    42 |    29 ||    71

Table legend:
 A = Non-vault XP
 B = Vault XP
 C = Vault XP percentage of total XP
 D = Non-vault monster count
 E = Vault monster count
 F = Vault count percentage of total count
                 A         B        C        D         E       F
            +---------+---------+-------+---------+---------+-------
      Total |     559 |       0 |   0.0 |      84 |       0 |   0.0
            +---------+---------+-------+---------+---------+-------
        D:1 |      41 |       0 |   0.0 |      24 |       0 |   0.0
        D:2 |      51 |       0 |   0.0 |      16 |       0 |   0.0
        D:3 |     109 |       0 |   0.0 |      15 |       0 |   0.0
        D:4 |     227 |       0 |   0.0 |      24 |       0 |   0.0
        D:5 |     131 |       0 |   0.0 |       5 |       0 |   0.0
            +---------+---------+-------+---------+---------+-------
